Map: Triton LE

Players

Mez

  • Race: Terran Terran
  • League: Master
  • Spawn Location: 11:00

CRONOS - Winner!

  • Race: Zerg Zerg
  • League: Master
  • Spawn Location: 5:00

VOD

Have the link to the VOD?

Description

Time

  • Played on: Sept. 9, 2019, 10:12 a.m.
  • Length: 28:44
Show
View Real Time Build Order
Export as new Build Order

Mez Terran 

Build Orders: Liberator Opening, Reaper Expand 

Get SALT Encoding   

  12  0:00  SCV  
  13  0:12  SCV  
  14  0:18  Supply Depot  
  14  0:25  SCV  
  15  0:40  Barracks, SCV  
  16  0:45  Refinery  
  16  0:52  SCV  
  17  1:04  SCV  
  18  1:16  SCV  
  19  1:29  Orbital Command, Reaper  
  20  1:44  Command Center  
  20  1:54  Supply Depot  
  20  1:55  SCV  
  21  2:03  Marine  
  22  2:12  SCV  
  23  2:17  Factory  
  23  2:22  Barracks Reactor  
  23  2:42  SCV  
  24  2:46  Refinery  
  24  2:54  SCV  
  24  2:57  Orbital Command  
  24  3:09  Hellion x2  
  28  3:13  SCV  
  28  3:15  Barracks Tech Lab  
  29  3:20  Starport  
  29  3:25  SCV  
  29  3:26  SCV  
  31  3:32  Hellion x2  
  35  3:37  SCV  
  35  3:38  SCV  
  35  3:40  Marine  
  38  3:42  Supply Depot  
  38  3:47  Liberator  
  38  3:49  SCV  
  38  3:51  SCV  
  38  3:55  Hellion x2  
  44  4:02  SCV  
  45  4:03  SCV  
  45  4:08  Supply Depot  
  45  4:09  Marine  
  50  4:14  SCV  
  50  4:15  SCV  
  52  4:26  SCV  
  52  4:27  SCV  
  52  4:30  Marine  
  52  4:31  Command Center  
  55  4:32  Supply Depot  
  55  4:40  Factory Tech Lab  
  55  4:42  Barracks, SCV  
  55  4:43  SCV  
  55  4:45  Barracks  
  57  4:55  SCV x2  
  57  4:56  Marine  
  57  4:57  Starport Reactor  
  51  5:07  SCV x2  
  51  5:11  Stimpack  
  51  5:12  Siege Tank  
  52  5:15  Refinery  
  52  5:17  Refinery, Engineering Bay x2  
  52  5:22  Supply Depot  
  52  5:23  Marine  
  52  5:27  SCV x2  
  55  5:37  Marine x2  
  55  5:40  Marine  
  55  5:41  Starport Reactor  
  58  5:43  SCV x2  
  58  5:45  Orbital Command  
  63  5:50  Marine x2, Siege Tank, Supply Depot  
  63  5:54  Terran Infantry Weapons Level 1  
  63  5:55  Marine x2  
  67  5:58  Terran Infantry Armor Level 1  
  67  6:00  SCV x2  
  67  6:02  Marine  
  70  6:08  Marine  
  71  6:12  SCV  
  71  6:13  SCV  
  71  6:18  Orbital Command  
  73  6:20  Armory  
  73  6:21  Marine x4  
  73  6:22  Supply Depot  
  73  6:23  Siege Tank  
  80  6:26  Marine  
  80  6:27  Medivac  
  80  6:28  Medivac  
  80  6:31  SCV x2  
  87  6:39  Marine x4  
  91  6:45  SCV x3  
  94  6:51  Barracks  
  94  6:52  Barracks  
  94  6:53  Marine  
  92  6:55  Combat Shield  
  92  6:56  Marine  
  92  6:57  Marine, Siege Tank  
  97  7:02  SCV x3  
  97  7:04  Marine x2  
  102  7:11  Marine  
  102  7:14  Marine x2  
  105  7:15  Medivac x2  
  105  7:21  Factory  
  109  7:23  Supply Depot x2  
  109  7:26  Marine, SCV x3  
  109  7:29  Supply Depot  
  113  7:30  Supply Depot  
  106  7:39  Marine  
  107  7:45  Marine  
  107  7:46  Barracks Reactor x2  
  107  7:47  Marine  
  111  7:51  Siege Tank  
  111  7:52  Marine  
  111  7:53  Medivac x2  
  111  8:04  Marine x3  
  111  8:05  Marine  
  103  8:06  SCV x3  
  103  8:10  Marine  
  103  8:11  Command Center, Refinery  
  103  8:12  Supply Depot  
  101  8:13  Supply Depot, Refinery  
  101  8:18  Factory Reactor  
  97  8:20  Factory Tech Lab  
  97  8:22  Marine x2  
  97  8:24  Marine  
  97  8:25  Marine x2  
  102  8:28  SCV x3, Supply Depot  
  102  8:31  Siege Tank  
  106  8:38  Marine  
  106  8:39  Marine x3  
  106  8:40  Marine x2, SCV x3  
  111  8:49  Marine  
  111  8:52  SCV  
  111  8:53  Marine x2  
  115  8:56  Marine x4  
  115  8:57  Marine  
  117  9:03  Marine  
  117  9:04  Siege Tank x2  
  117  9:06  Marine  
  125  9:10  Marine x2  
  125  9:14  Marine x2  
  125  9:15  Supply Depot  
  129  9:18  Marine  
  129  9:19  Supply Depot  
  129  9:20  Medivac x2  
  129  9:23  Marine x2  
  136  9:28  Supply Depot  
  136  9:31  Marine x4  
  136  9:35  Supply Depot  
  135  9:42  Marine x5  
  135  9:43  Siege Tank x2  
  135  9:44  Terran Infantry Weapons Level 2  
  145  9:49  Marine x2  
  146  10:01  Marine x7  
  146  10:06  Terran Infantry Armor Level 2  
  146  10:07  Marine x2, Terran Vehicle Weapons Level 1  
  153  10:18  Marine  
  153  10:19  Planetary Fortress  
  154  10:22  Marine x6  
  154  10:23  Siege Tank  
  154  10:24  Marine  
  162  10:30  Marine  
  156  10:36  Marine  
  156  10:40  Marine x3  
  158  10:45  Marine x4  
  158  10:46  Siege Tank  
  158  10:48  Marine  
  163  10:54  Marine  
  160  10:58  Marine x2  
  160  10:59  SCV x4  
  165  11:19  Viking x2  
  165  11:20  Siege Tank x2  
  165  11:25  SCV x3  
  177  11:26  SCV  
  179  11:37  SCV x2  
  179  11:38  SCV x2  
  183  11:45  Marine x5  
  188  12:04  Marine, SCV x3  
  188  12:05  Siege Tank x2  
  188  12:06  Marine x4  
  188  12:12  Liberator x2  
  188  12:16  Marine  
  188  12:22  Marine x2  
  188  12:24  Marine  
  188  12:26  Marine x2  
  188  12:31  Terran Infantry Armor Level 3, Terran Infantry Weapons Level 3  
  188  12:32  Barracks  
  188  12:33  Terran Vehicle Weapons Level 2, Barracks  
  188  12:35  Barracks  
  188  12:47  Supply Depot  
  188  12:52  Refinery  
  188  12:53  Refinery  
  188  12:55  Liberator x2  
  188  12:56  Command Center  
  188  12:58  Supply Depot  
  188  13:05  Marine x4  
  188  13:06  Marine x3, Siege Tank  
  188  13:08  Siege Tank, Starport  
  188  13:10  Starport  
  164  13:31  Marauder, Barracks Tech Lab x3  
  166  13:38  Liberator x2  
  157  13:52  Marauder x4, Concussive Shells  
  171  13:57  SCV x2  
  171  13:58  SCV x2  
  175  14:09  SCV x2  
  169  14:13  Marauder  
  169  14:14  Starport Reactor, Starport Tech Lab  
  171  14:18  Fusion Core  
  171  14:20  Liberator x2  
  176  14:43  Marine x4, Marauder  
  176  14:44  Marauder  
  184  14:49  Liberator x3, Sensor Tower  
  184  14:52  Planetary Fortress  
  184  15:03  Liberator  
  184  15:04  Sensor Tower  
  184  15:06  Sensor Tower  
  191  15:18  Ghost Academy, Advanced Ballistics  
  194  15:24  Refinery  
  194  15:27  Refinery  
  200  16:11  Viking x3  
  195  16:18  SCV  
  165  16:47  Viking x2  
  165  16:48  Marauder, Viking x3  
  171  16:59  Enhanced Shockwaves  
  164  17:17  Medivac, Viking  
  164  17:18  Medivac x2  
  172  17:23  Unknown x2  
  172  17:24  Command Center  
  172  17:25  Unknown  
  172  17:26  Command Center, Missile Turret  
  172  17:27  Command Center  
  172  17:28  Command Center  
  173  17:34  Medivac  
  171  17:37  Unknown  
  169  17:47  Medivac x2  
  160  17:52  Unknown x2  
  160  17:55  Marine  
  153  18:06  Unknown  
  153  18:07  Unknown, Viking  
  153  18:08  Marine x3  
  153  18:12  Marine  
  148  18:13  Marine  
  148  18:14  Marine  
  148  18:15  Marine x4  
  148  18:17  Viking x2  
  148  18:18  Personal Cloaking  
  148  18:19  Viking  
  148  18:22  Viking  
  148  18:25  Marine  
  148  18:26  Marine x2  
  147  18:30  Marine x2  
  147  18:32  Marine  
  148  18:37  Marine x2  
  148  18:38  Marine x2  
  148  18:39  Marine, Unknown  
  144  18:41  Marine, Unknown  
  144  18:43  Marine  
  144  18:44  Marine x2  
  144  18:47  Marine  
  142  18:48  Marine  
  142  18:50  Marine  
  142  18:52  Widow Mine x2  
  142  18:55  Marine x2  
  150  18:56  Marine x2  
  150  18:57  Marine  
  150  18:59  Marine  
  150  19:01  Marine  
  150  19:02  Marine x2  
  157  19:05  Marine  
  157  19:06  Marine  
  157  19:08  Marine  
  157  19:09  Orbital Command  
  160  19:12  Marine x2  
  160  19:13  Marine  
  160  19:14  Marine x2  
  165  19:17  Marine  
  165  19:19  Marine  
  165  19:20  Marine x2  
  165  19:23  Refinery  
  169  19:24  Refinery  
  169  19:46  Refinery  
  169  19:48  Marine, Planetary Fortress  
  169  19:49  Marine  
  169  19:53  Sensor Tower  
  169  19:58  Marine x2, Supply Depot  
  169  20:00  Supply Depot, Refinery  
  169  20:10  Supply Depot  
  169  20:11  Supply Depot, Planetary Fortress  
  169  20:12  Supply Depot  
  169  20:19  Marine x2  
  169  20:20  Medivac x3  
  177  20:21  Marauder x2  
  177  20:25  Drilling Claws  
  177  20:26  Widow Mine x2  
  183  20:39  SCV  
  183  20:40  SCV  
  181  20:45  Liberator x3  
  181  20:46  Liberator x2  
  181  20:53  Nuke  
  181  20:54  Neosteel Armor, Hi-Sec Auto Tracking  
  181  21:01  Ghost Academy  
  196  21:05  Ghost Academy  
  196  21:09  SCV  
  196  21:10  SCV  
  194  21:28  Liberator x2  
  181  21:51  Nuke x2  
  180  22:20  Liberator  
  134  22:31  Marine, Marauder x4  
  89  22:52  Marauder  
  89  22:53  Marauder x2  
  89  22:55  Marine  
  90  23:06  Orbital Command  
  87  23:25  Marine  
  87  23:26  Marine x4  
  92  23:36  SCV x2  
  91  23:50  SCV x3  
  95  24:00  Orbital Command  
  86  24:10  Marine x2  
  86  24:11  Marine x10  
  86  24:15  Medivac  
  100  24:26  Medivac x3  
  100  24:28  Marine x3  
  109  24:41  Marine x9  
  117  24:47  Terran Ship Weapons Level 1  
  117  24:58  Refinery  
  117  24:59  Marine x3  
  122  25:00  Marauder x4  
  122  25:04  Marine x4  
  122  25:05  Marine  
  127  25:31  Liberator  
  127  25:32  Liberator x2  
  127  25:43  Orbital Command  
  127  25:50  Marauder  
  127  25:51  Marauder  
  127  25:53  Liberator x2  
  119  26:18  Liberator  
  119  26:19  Marauder x2  
  123  26:28  SCV x4  
  122  27:01  Marine x3, Marauder  
  114  27:19  Liberator  
  77  27:35  Marauder x2  
  77  27:36  Marauder  
  81  27:49  Marine x3  
  66  28:11  Marine, Marauder  
  45  28:14  Orbital Command  
Show
View Real Time Build Order
Export as new Build Order

CRONOS Zerg - Winner!

Build Orders: Hatch First 

Get SALT Encoding   

  12  0:01  Drone  
  13  0:12  Overlord  
  13  0:17  Drone  
  14  0:31  Drone x2  
  16  0:51  Hatchery, Drone  
  16  0:54  Drone  
  17  0:57  Drone  
  18  1:08  Extractor  
  17  1:15  Spawning Pool  
  17  1:16  Drone  
  17  1:19  Drone  
  18  1:28  Drone  
  19  1:41  Overlord  
  19  2:00  Drone  
  20  2:01  Queen  
  20  2:02  Zergling x2  
  20  2:03  Queen, Zergling x2  
  26  2:12  Metabolic Boost  
  26  2:13  Drone  
  27  2:16  Drone  
  28  2:32  Drone x3  
  30  2:44  Queen  
  30  2:45  Overlord  
  32  2:53  Drone x2  
  34  3:04  Hatchery  
  33  3:13  Drone x7  
  40  3:20  Overlord  
  40  3:21  Overlord  
  40  3:23  Queen  
  42  3:35  Overlord  
  42  3:39  Roach Warren, Drone  
  42  3:46  Drone x5  
  47  3:54  Overlord  
  47  3:56  Overlord  
  47  3:58  Queen  
  49  4:03  Queen, Extractor  
  49  4:11  Zergling x8  
  53  4:17  Overlord x2  
  53  4:26  Queen  
  53  4:28  Drone x3  
  58  4:34  Drone x5  
  63  4:40  Drone x2  
  66  4:45  Zergling x2  
  66  4:46  Zergling x2  
  62  5:04  Drone x8  
  69  5:14  Lair, Drone x2  
  71  5:17  Queen, Extractor  
  71  5:18  Drone x2  
  74  5:24  Spore Crawler  
  73  5:30  Drone  
  73  5:31  Drone x5  
  79  5:36  Baneling Nest, Drone  
  79  5:38  Evolution Chamber  
  78  5:46  Spore Crawler  
  78  5:48  Extractor, Drone x8  
  84  6:05  Extractor x2  
  84  6:08  Zerg Melee Weapons Level 1  
  84  6:10  Drone x3  
  85  6:13  Zergling x2, Evolution Chamber  
  85  6:14  Zergling x8  
  85  6:17  Hatchery  
  88  6:20  Drone x5  
  88  6:23  Centrifical Hooks  
  93  6:29  Overseer  
  93  6:31  Zergling x6  
  93  6:32  Zergling x2  
  97  6:38  Overlord x4  
  97  6:40  Overlord x2  
  97  6:42  Zerg Ground Armor Level 1  
  97  6:43  Drone  
  95  6:54  Baneling x4  
  95  6:56  Glial Reconstitution  
  95  6:57  Zergling x2  
  95  6:58  Zergling x14  
  103  7:02  Overseer  
  103  7:04  Nydus Network  
  103  7:07  Zergling x6  
  103  7:08  Zergling x6  
  107  7:13  Baneling x5  
  107  7:14  Baneling x3  
  105  7:20  Zergling x4  
  105  7:21  Zergling x2, Hatchery  
  105  7:22  Baneling  
  107  7:26  Baneling x3  
  107  7:28  Burrow  
  103  7:35  Zergling x8  
  103  7:36  Zergling x12  
  103  7:41  Overseer  
  103  7:42  Baneling x2  
  100  7:47  Zergling x2  
  100  7:48  Zergling x14  
  100  7:51  Zergling x2  
  105  7:55  Zergling x10  
  102  8:01  Zergling x4  
  93  8:09  Zergling x2  
  93  8:10  Zergling x2  
  93  8:11  Zergling x4, Queen x2  
  95  8:14  Zergling x2  
  95  8:15  Zergling x2  
  95  8:18  Drone x3  
  98  8:23  Infestation Pit  
  98  8:25  Zergling x2  
  98  8:26  Zergling x6  
  101  8:37  Zergling x6  
  101  8:38  Zergling x6  
  101  8:40  Baneling  
  101  8:41  Baneling x13  
  105  8:49  Extractor  
  105  8:50  Nydus Canal  
  105  8:53  Zerg Melee Weapons Level 2  
  105  8:54  Zerg Ground Armor Level 2, Extractor  
  103  8:56  Drone x3  
  103  8:57  Drone x3  
  103  8:58  Queen  
  103  9:01  Hive  
  106  9:12  Baneling  
  106  9:13  Baneling x13  
  106  9:14  Zergling x12  
  111  9:23  Overseer  
  111  9:27  Overlord x2  
  111  9:28  Zergling x14  
  111  9:41  Zergling x2  
  111  9:42  Zergling x14  
  119  9:48  Zergling x2  
  119  9:49  Zergling x4  
  119  9:50  Queen  
  123  9:54  Drone  
  123  9:55  Spore Crawler, Drone x2  
  123  9:56  Spine Crawler  
  122  10:06  Zergling x2  
  123  10:07  Zergling x10  
  128  10:15  Nydus Canal  
  128  10:19  Zergling x10  
  128  10:20  Zergling x4  
  135  10:24  Baneling Nest, Adrenal Glands  
  131  10:34  Zergling x2  
  131  10:35  Zergling x16, Ultralisk Cavern  
  125  10:45  Zergling x10  
  125  10:46  Zergling x2  
  125  10:50  Zergling x2  
  125  10:51  Zergling x2  
  124  11:01  Zergling x12  
  124  11:02  Baneling  
  124  11:03  Baneling  
  124  11:04  Baneling x10  
  129  11:10  Overlord  
  129  11:11  Overlord  
  129  11:12  Queen  
  129  11:13  Queen  
  131  11:29  Nydus Canal  
  131  11:31  Ultralisk x4  
  150  11:36  Nydus Canal  
  150  11:38  Ultralisk  
  156  11:46  Spire, Anabolic Synthesis  
  155  11:50  Baneling  
  155  11:51  Baneling x6  
  155  11:53  Ultralisk  
  161  11:59  Ultralisk  
  163  12:09  Overlord x2  
  163  12:11  Spore Crawler x2  
  160  12:31  Hatchery  
  160  12:33  Overlord x2  
  159  12:40  Zergling x2  
  159  12:41  Zergling x14  
  159  12:43  Hatchery  
  166  12:53  Zergling x2  
  166  12:54  Zergling x20  
  153  13:18  Ultralisk x3  
  159  13:21  Zergling x4  
  142  13:50  Chitinous Plating  
  142  13:51  Greater Spire  
  142  14:17  Corruptor  
  142  14:18  Corruptor x7  
  158  14:24  Hatchery  
  158  14:25  Zerg Melee Weapons Level 3  
  156  14:36  Drone x8  
  164  14:47  Nydus Canal  
  152  15:20  Brood Lord  
  152  15:21  Brood Lord x7, Hatchery  
  167  15:23  Zerg Flyer Weapons Level 1  
  167  15:28  Extractor x2  
  165  15:32  Pathogen Glands  
  165  15:34  Corruptor  
  165  15:35  Extractor  
  166  15:37  Overseer  
  166  15:46  Corruptor x2  
  170  15:55  Corruptor x2  
  173  16:10  Corruptor  
  173  16:11  Corruptor x2  
  174  16:14  Overlord x5  
  141  16:49  Ultralisk x2  
  141  16:50  Ultralisk x2  
  164  16:56  Corruptor x3  
  169  17:02  Drone x5  
  169  17:03  Drone  
  169  17:08  Drone x2  
  177  17:09  Drone x2  
  179  17:33  Corruptor x2  
  179  17:45  Zergling x2  
  179  17:46  Zergling x30  
  153  18:07  Zergling x14  
  152  18:16  Queen x3  
  148  18:20  Zergling x16  
  142  18:36  Zergling x12  
  133  18:47  Infestor x5  
  109  19:04  Swarm Host x10  
  109  19:07  Extractor  
  109  19:08  Extractor, Hatchery  
  136  19:10  Drone  
  136  19:12  Extractor  
  136  19:13  Extractor  
  135  19:19  Drone x4  
  135  19:21  Zerg Flyer Armor Level 1  
  135  19:22  Zerg Missile Weapons Level 1  
  139  19:26  Swarm Host x3  
  148  19:36  Swarm Host x2  
  148  19:37  Swarm Host x4  
  165  20:01  Swarm Host x4  
  165  20:03  Overlord x2  
  177  20:11  Zergling x18  
  177  20:12  Zergling x4  
  188  20:15  Zergling x2  
  188  20:16  Zergling x10  
  194  20:21  Zergling x2  
  194  20:22  Zergling x2  
  196  20:34  Baneling x14  
  196  20:35  Baneling x9  
  196  20:43  Zergling x8  
  196  20:49  Drone x4  
  199  21:12  Zerg Ground Armor Level 3  
  198  21:23  Pneumatized Carapace  
  198  21:24  Overseer x2  
  198  21:48  Zergling x2  
  198  21:49  Zergling x2  
  198  21:51  Zerg Flyer Armor Level 2  
  180  22:33  Ultralisk  
  180  22:34  Ultralisk x2  
  183  22:47  Ultralisk  
  183  22:49  Drone x3  
  192  23:03  Corruptor x3  
  195  23:12  Drone x2  
  180  23:13  Drone  
  180  23:14  Extractor, Drone x2  
  180  23:17  Spore Crawler  
  155  23:28  Corruptor x2  
  149  23:35  Drone x14  
  149  23:37  Drone x8  
  149  23:38  Drone x3  
  173  23:51  Drone x3  
  173  23:52  Drone x3  
  173  23:54  Drone x4  
  183  24:05  Drone x2  
  183  24:06  Drone x4  
  183  24:07  Queen  
  183  24:08  Queen x2  
  195  24:13  Zergling x4  
  195  24:14  Zergling x4  
  199  24:27  Zerg Missile Weapons Level 2  
  199  24:43  Baneling  
  199  24:44  Baneling x14  
  199  24:51  Hatchery  
  198  24:55  Drone  
  173  25:56  Infestor x3  
  167  25:58  Swarm Host x4  
  167  26:00  Ultralisk  
  167  26:02  Zergling x2  
  167  26:03  Zergling x28  
  198  26:22  Baneling  
  198  26:23  Baneling x6  
  197  26:35  Overlord  
  197  26:36  Drone x3  
  200  26:52  Hatchery  
  199  26:55  Hatchery  
  182  27:20  Zergling x2  
  182  27:21  Zergling x40  
  172  27:36  Zergling x2  
  172  27:37  Zergling x10  
  178  27:45  Drone x2  
  178  27:46  Queen, Drone  
  178  27:49  Baneling x2  
  178  27:50  Baneling x8  
  166  28:10  Zergling x2  
  166  28:11  Zergling x24  
Tags
 
Add a new tag
Caveats
  • Supply blocks, unpowered buildings, or Contaminate may cause inaccurate times.
  • Supply counts are checked every 10 seconds.